 Dungeon Crawl Stone Soup version 0.30.1-4-g462c640d31 (webtiles) character file.

Game seed: 17523126749815123858

2 Mickster the Conjurer (level 1, 0/12 HPs)
             Began as a Gargoyle Reaver on Aug 15, 2023.
             Slain by a hobgoblin (1 damage)
             ... on level 1 of the Dungeon.
             The game lasted 00:01:29 (70 turns).

Mickster the Conjurer (Gargoyle Reaver)               Turns: 70, Time: 00:01:30

Health: 0/12       AC:  5    Str: 15    XL:     1   Next: 30%
Magic:  2/3        EV:  8    Int: 13    God:
Gold:   10         SH:  0    Dex:  8    Spells: 3/4 levels left

rFire   . . .        a - +0 mace
rCold   . . .        (no shield)
rNeg    + . .        b - +0 leather armour
rPois   ∞            (no helmet)
rElec   +            (no cloak)
rCorr   .            (no gloves)
SInv    .            (no boots)
Will    .....        (no amulet)
Stlth   +            c - ring of poison resistance
HPRegen 0.22/turn    (no ring)
MPRegen 0.08/turn

%: no passive effects
@: constricted
A: sickness immunity, AC +2, negative energy resistance 1, electricity
resistance, torment resistance 1, petrification resistance
a: no special abilities


You were on level 1 of the Dungeon.
You visited 1 branch of the dungeon, and saw 1 of its levels.

You collected 10 gold pieces.

Inventory:

Hand Weapons
 a - a +0 mace (weapon)
Armour
 b - a +0 leather armour (worn)
Jewellery
 c - a ring of poison resistance (left hand)


   Skills:
 + Level 2.1 Fighting
 + Level 3.0 Maces & Flails
 + Level 1.5 Dodging
 + Level 2.1 Spellcasting
 + Level 3.3 Conjurations


You had 3 spell levels left.
You knew the following spells:

 Your Spells              Type           Power      Damage    Failure   Level
a - Kiss of Death         Conj/Necr      20%        2d7       16%         1

Your spell library contained the following spells:

 Spells                   Type           Power      Damage    Failure   Level
 Momentum Strike          Conj/Tloc      10%        3d8       24%         2
 Hailstorm                Conj/Ice       5%         3d4       43%         3


Dungeon Overview and Level Annotations

Branches:
Dungeon (1/15)

Altars:


Innate Abilities, Weirdness & Mutations

You are immune to sickness and miasma.
Your stone body is resilient. (AC +2)
You are immune to poison.
You resist negative energy. (rN+)
You are resistant to electric shocks. (rElec)
You are resistant to unholy torment.
You are immune to petrification.


Message History

Nothing appears to happen.
The ball python barely misses you. The ball python closely misses you.
You hit the rat.
You kill the rat!
The ball python bites you. The ball python misses you. x2
The ball python grabs you. The ball python constricts you.
You escape the ball python's grasp.
The kobold hits you but does no damage.
You closely miss the ball python. The ball python misses you.
The ball python barely misses you. The quokka closely misses you.
The kobold hits you with a +0 dagger.
The ball python bites you but does no damage.
The ball python closely misses you.
You closely miss the ball python.
The quokka bites you but does no damage.
The hobgoblin hits you but does no damage.
The kobold hits you but does no damage. The ball python barely misses you.
The ball python grabs you. The ball python constricts you.
The quokka bites you but does no damage.
The kobold hits you with a +0 dagger. The hobgoblin hits you.
You hit the hobgoblin but do no damage. The ball python bites you.
The ball python constricts you. The quokka barely misses you.
The hobgoblin barely misses you. The kobold hits you with a +0 dagger.
The ball python bites you but does no damage.
The ball python constricts you. The quokka barely misses you.
Your magical contamination has completely faded away.
You escape the ball python's grasp.
The hobgoblin attacks as you move away! The hobgoblin hits you.
* * * LOW HITPOINT WARNING * * *
The quokka completely misses you. The ball python closely misses you.
The ball python grabs you. The ball python constricts you.
* * * LOW HITPOINT WARNING * * *
You barely miss the quokka.
The quokka bites you but does no damage.
The hobgoblin barely misses you. The ball python closely misses you.
The ball python constricts you. The kobold completely misses you.
You closely miss the quokka.
The quokka bites you but does no damage.
The ball python closely misses you. The ball python constricts you.
The hobgoblin hits you.
You die...

.##....##.........
..................
................#
................#
................
............#
......†?....#
......SgK...+
......r@....#
.....####...# .....
##....#
...####..#.##....#
...#.#..####.~≈~.##
.. #...##..#.~≈~..#
##...#.≈..≈≈≈~.#
#....≈~~..~~~~##
#[~.~≈~≈≈~...~.#


You could see a quokka, a hobgoblin, a ball python and a kobold.

Vanquished Creatures
  A goblin (D:1)
  A rat (D:1)
2 creatures vanquished.

Notes
Turn   | Place    | Note
-------+----------+-------------------------------------------
     0 | D:1      | Mickster the Gargoyle Reaver began the quest for the Orb.
     0 | D:1      | Reached XP level 1. HP: 12/12 MP: 3/3
    70 | D:1      | Slain by a hobgoblin

Illustrated notes

Levels and vault maps discovered:
D:1:      dpeg_arrival_subterranean_lakeside_camping, layout_basic,
          chequers_ecumenical_altar_simple_redux

Action                     || total
---------------------------++-------
  Melee: Mace              ||     8
 Armour: Leather armour    ||     9
  Dodge: Dodged            ||    20
